 Dungeon Crawl Stone Soup version 0.31.0-12-g77e489cdc1 (webtiles) character file.

Game seed: 1589194596130244704

3054982 ratatoskos the Invulnerable (level 27, 199/199 HPs)
             Began as a Gargoyle Monk on Feb 28, 2024.
             Was the Champion of Jiyva.
             Escaped with the Orb
             ... and 5 runes on Feb 29, 2024!
             The game lasted 04:21:29 (72596 turns).

ratatoskos the Invulnerable (Gargoyle Monk)        Turns: 72596, Time: 04:21:30

Health: 199/199    AC: 76    Str: 32      XL:     27
Magic:  23/23      EV: 24    Int:  7 (9)  God:    Jiyva [******]
Gold:   689        SH: 19    Dex: 22      Spells: 26/26 levels left

rFire   + + +        D - +18 lance "Wyrmbane" {slay drac, rPois rF+ rC+ AC+3}
rCold   + + +        P - +2 kite shield {AC+3}
rNeg    + + .        k - +12 gold dragon scales
rPois   ∞            f - +0 helmet {SInv}
rElec   +            A - +1 cloak
rCorr   +            U - +0 pair of gloves "Zuid" {Regen+ Str+5}
SInv    +            q - +1 pair of boots of Doycohut {^Drain rPois rC+ Str+5}
Will    ++...        B - amulet of guardian spirit Stlth
                     F - ring of Aboible {rF+ rN+ Int-3 Dex+2}
HPRegen 2.93/turn    I - +5 ring of evasion
MPRegen 0.98/turn

%: random rage (3%), guardian spirit
@: flying
A: sickness immunity, AC +20, big wings, negative energy resistance 1,
electricity resistance, torment resistance 1, petrification resistance, agile 1,
berserk 1, deterioration 1, sense surroundings 1, wild magic 1
0: Orb of Zot
}: 5/15 runes: barnacled, slimy, silver, abyssal, gossamer
a: Renounce Religion, Oozemancy, Slimify


You escaped.
You worshipped Jiyva.
Jiyva was exalted by your worship.
You visited 12 branches of the dungeon, and saw 56 of its levels.
You visited the Abyss 4 times.
You visited 1 bazaar.
You also visited: Trove, Gauntlet and Ice Cave.

You collected 5459 gold pieces.
You spent 4770 gold pieces at shops.

Inventory:

Hand Weapons
 p - the +0 war axe of Tender Mercy {antimagic, Fly rElec rN+ SInv}
   (You found it on level 1 of the Lair of Beasts)

   rElec:     It insulates you from electricity.
   rN+:       It protects you from negative energy.
   SInv:      It lets you see invisible.
   Fly:       It grants you flight.
 D - the +18 lance "Wyrmbane" (weapon) {slay drac, rPois rF+ rC+ AC+3}
   (You took it off a tengu reaver on level 2 of the Depths)

   AC+3:      It affects your AC (+3).
   rF+:       It protects you from fire.
   rC+:       It protects you from cold.
   rPois:     It protects you from poison
Missiles
 m - 3 darts of dispersal (quivered)
 H - 8 curare-tipped darts
 K - 2 throwing nets
Armour
 f - a +0 helmet of see invisible (worn)
 k - +12 gold dragon scales (worn)
 q - the +1 pair of boots of Doycohut (worn) {^Drain rPois rC+ Str+5}
   (You bought it in a shop on level 4 of the Vaults)

   Str+5:     It affects your strength (+5).
   rC+:       It protects you from cold.
   rPois:     It protects you from poison ^Drain: It drains your maximum health
   when unequipped.
 A - a +1 cloak (worn)
 P - a +2 kite shield of protection (worn)
 U - the +0 pair of gloves "Zuid" (worn) {Regen+ Str+5}
   (You found it in a Gauntlet)

   Str+5:     It affects your strength (+5).
   Regen+:    It increases your rate of health regeneration.
Jewellery
 B - an amulet of guardian spirit (around neck)
 F - the ring of Aboible (left hand) {rF+ rN+ Int-3 Dex+2}
   (You found it in a Gauntlet)

   [ring of positive energy]

   Int-3:     It affects your intelligence (-3).
   Dex+2:     It affects your dexterity (+2).
   rF+:       It protects you from fire.
   rN+:       It protects you from negative energy.
 I - a +5 ring of evasion (right hand)
Wands
 b - a wand of light (27)
 j - a wand of charming (18)
 N - a wand of mindburst (19)
 T - a wand of iceblast (26)
 Y - a wand of digging (19)
Scrolls
 e - 2 scrolls of fog
 h - 3 scrolls of blinking
 n - 6 scrolls of teleportation
 s - a scroll of torment
 v - a scroll of silence
 z - 6 scrolls of vulnerability
 C - 2 scrolls of immolation
 G - 2 scrolls of revelation
 S - 5 scrolls of summoning
 X - 4 scrolls of fear
Potions
 a - 5 potions of enlightenment
 c - 11 potions of ambrosia
 d - 4 potions of invisibility
 g - 13 potions of heal wounds
 i - 5 potions of curing
 o - 7 potions of might
 t - a potion of cancellation
 w - 4 potions of lignification
 E - a potion of berserk rage
 J - 2 potions of resistance
 L - a potion of magic
 O - a potion of haste
Miscellaneous
 l - a condenser vane
 u - a phial of floods
 y - a lightning rod (4/4)
 R - a box of beasts


   Skills:
 O Level 27 Fighting
 - Level 14.0 Maces & Flails
 - Level 12.0 Polearms
 O Level 27 Armour
 + Level 18.2 Dodging
 + Level 21.7 Shields
 - Level 10.0 Evocations


You had 26 spell levels left.
You didn't know any spells.
Your spell library contained the following spells:

 Spells                   Type           Power      Damage    Failure   Level
 Apportation              Tloc           0%         N/A       96%         1
 Freeze                   Ice            0%         1d3       96%         1
 Necrotise                Necr           0%         1d4       96%         1
 Sting                    Conj/Alch      0%         1d3       96%         1
 Summon Small Mammal      Summ           0%         N/A       96%         1
 Blink                    Tloc           0%         N/A       99%         2
 Ensorcelled Hibernation  Hex/Ice        0%         N/A       99%         2
 Jinxbite                 Hex            0%         N/A       99%         2
 Lesser Beckoning         Tloc           0%         N/A       99%         2
 Mercury Vapours          Alch/Air       0%         N/A       99%         2
 Momentum Strike          Conj/Tloc      0%         3d8       99%         2
 Static Discharge         Conj/Air       0%         3-3/arc   99%         2
 Call Canine Familiar     Summ           0%         N/A       100%        3
 Confusing Touch          Hex            0%         N/A       100%        3
 Dazzling Flash           Conj/Hex       0%         N/A       100%        3
 Frozen Ramparts          Ice            0%         1d1       100%        3
 Gell's Gravitas          Tloc           0%         N/A       100%        3
 Hailstorm                Conj/Ice       0%         3d5       100%        3
 Inner Flame              Hex/Fire       0%         N/A       100%        3
 Mephitic Cloud           Conj/Alch/Air  0%         N/A       100%        3
 Ozocubu's Armour         Ice            0%         N/A       100%        3
 Stone Arrow              Conj/Erth      0%         3d7       100%        3
 Summon Ice Beast         Ice/Summ       0%         N/A       100%        3
 Teleport Other           Tloc           0%         N/A       100%        3
 Tukima's Dance           Hex            0%         N/A       100%        3
 Vampiric Draining        Necr           0%         2d6       100%        3
 Volatile Blastmotes      Fire/Tloc      0%         2d10      100%        3
 Animate Armour           Summ/Erth      0%         N/A       100%        4
 Dispel Undead            Necr           0%         3d6       100%        4
 Flame Wave               Conj/Fire      0%         2d4       100%        4
 Fulminant Prism          Conj/Alch      0%         3d5       100%        4
 Iskenderun's Mystic Bla  Conj/Tloc      0%         2d3       100%        4
 Manifold Assault         Tloc           0%         N/A       100%        4
 Martyr's Knell           Necr/Summ      0%         N/A       100%        4
 Olgreb's Toxic Radiance  Alch           0%         N/A       100%        4
 Passage of Golubria      Tloc           0%         N/A       100%        4
 Summon Blazeheart Golem  Fire/Summ      0%         N/A       100%        4
 Alistair's Intoxication  Alch           0%         N/A       100%        5
 Curse of Agony           Necr           0%         N/A       100%        5
 Irradiate                Conj/Alch      0%         3d11      100%        5
 Iskenderun's Battlesphe  Conj           0%         2d6       100%        5
 Metabolic Englaciation   Hex/Ice        0%         N/A       100%        5
 Silence                  Hex/Air        0%         N/A       100%        5
 Summon Forest            Summ/Tloc      0%         N/A       100%        5
 Summon Mana Viper        Hex/Summ       0%         N/A       100%        5
 Yara's Violent Unravell  Hex/Alch       0%         3d3       100%        5
 Bombard                  Conj/Erth      0%         9d1       100%        6
 Death Channel            Necr           0%         N/A       100%        6
 Dispersal                Tloc           0%         N/A       100%        6
 Sculpt Simulacrum        Ice/Alch       0%         N/A       100%        6
 Summon Cactus Giant      Summ           0%         N/A       100%        6
 Malign Gateway           Summ/Tloc      0%         N/A       100%        7
 Monstrous Menagerie      Summ           0%         N/A       100%        7
 Orb of Destruction       Conj           0%         9d5       100%        7
 Ozocubu's Refrigeration  Ice            0%         4d7       100%        7
 Spellforged Servitor     Conj/Summ      0%         N/A       100%        7
 Disjunction              Tloc           0%         N/A       100%        8
 Ignition                 Fire           0%         3d3       100%        8
 Lehudib's Crystal Spear  Conj/Erth      0%         10d2      100%        8
 Summon Horrible Things   Summ           0%         N/A       100%        8
 Fire Storm               Conj/Fire      0%         5d1       100%        9
 Polar Vortex             Ice            0%         N/A       100%        9
 Cigotuvi's Dreadful Rot  Necr/Alch/Air  Unusable   N/A       N/A         2

Dungeon Overview and Level Annotations

Branches:
Dungeon (15/15)            Temple (1/1) D:5            Lair (5/5) D:10
 Shoals (4/4) Lair:3       Spider (4/4) Lair:2        Slime (5/5) Lair:5
    Orc (2/2) D:12            Elf (3/3) Orc:2        Vaults (5/5) D:13
  Crypt (3/3) Vaults:3       Tomb (0/3) Crypt:3      Depths (4/4) D:15
    Zot (5/5) Depths:4      IceCv (visited)         Gauntlet (visited)

Altars:
Ashenzari
Cheibriados
Dithmenos
Elyvilon
Fedhas
Gozag
Hepliaklqana
Kikubaaqudgha
Makhleb
Nemelex Xobeh
Okawaru
Qazlal
Ru
Sif Muna
Trog
Uskayaw
Vehumet
Wu Jian
Xom
Yredelemnul
Zin
The Shining One
Jiyva

Shops:
D:2 *   D:5 *!?[!   D:10 *:*!?   Orc:2 *![[(   Elf:2 :   Shoals:3 *
Vaults:2 (   Vaults:4 [   Vaults:5 *?!??!=?   Zot:5 *

Portals:
Hell: Lair:5 Depths:1 Depths:2 Depths:3 Depths:4
Abyss: Depths:3
Pandemonium: Depths:2
Ziggurat: Depths:2

Annotations:
Slime:5 Royal Jelly


Innate Abilities, Weirdness & Mutations

You are immune to sickness and miasma.
Your stone body is resilient. (AC +20)
You are immune to poison.
Your large and strong wings let you fly.
You resist negative energy. (rN+)
You are resistant to electric shocks. (rElec)
You are resistant to unholy torment.
You are immune to petrification.
You are agile. (Dex +4, Str/Int -1)
You sometimes lose your temper in combat.
Your body sometimes deteriorates upon taking damage.
You passively map a small area around you.
Your spells are a little harder to cast, but a little more powerful.


Message History

You block the large abomination's attack.
You impale the large abomination!!
You destroy the large abomination!
A Brimstone Fiend comes into view.
You hit the Brimstone Fiend but do no damage.
You barely miss the Brimstone Fiend.
You block the Brimstone Fiend's attack. x2
The Brimstone Fiend hits you but does no damage.
You puncture the Brimstone Fiend!
The Brimstone Fiend is lightly wounded.
You puncture the Brimstone Fiend!
The Brimstone Fiend is moderately wounded.
The Brimstone Fiend completely misses you.
The Brimstone Fiend hits you but does no damage. x2
You hit the Brimstone Fiend.
The Brimstone Fiend is moderately wounded.
You impale the Brimstone Fiend!!
The Brimstone Fiend is heavily wounded.
The Brimstone Fiend hits you! The Brimstone Fiend misses you. x2
You impale the Brimstone Fiend!!
The Brimstone Fiend is severely wounded.
You impale the Brimstone Fiend!!
The Brimstone Fiend is almost dead.
The Brimstone Fiend gestures at you.
The sphere of damnation explodes!
The damnation engulfs you!!!
The damnation engulfs the Brimstone Fiend.
The Brimstone Fiend completely resists.
You puncture the Brimstone Fiend!
You kill the Brimstone Fiend!
Magic restored.
HP restored.
Jiyva gurgles merrily.
There is a stone staircase leading up here.
You fly upwards.
There is a stone staircase leading down here.
You see here 4 stones.
You reach down and open the door.
There is an open door here.
There is a stone staircase leading down here.
There is a staircase leading out of the dungeon here.
You have escaped!

#........###......#.###.##
#.##.##.......#.#........##
........≈≈≈≈........≈≈≈≈..#
..##...≈≈≈≈≈≈......≈≈≈≈≈§.#
..###..≈≈≈≈≈≈......≈≈≈§≈≈.# ####
.......≈≈≈≈≈≈......≈≈≈≈≈≈.## #...
.#.##...≈≈≈≈..####..≈≈≈≈§..###.##
...##.#......#'.#+#..............
......#.###..#.>@.#......#####.##
..#####......#'.#+#.####.# #.##
..# #####...####..# #.# #... #.#
#........#####.######## #.#
#...#######.......#####
#.#########...######........##...
...#......)..............#..##...
.................................
.#.#.....................#..##...


There were no monsters in sight!

Vanquished Creatures
  5 dread liches
  2 ancient liches
  4 orbs of fire (Zot:4)
  Mara (Shoals:2)
  A juggernaut (Depths:4)
  4 pandemonium lords
  Josephina (Crypt:2)
  4 Killer Klowns
  A caustic shrike (Depths:2)
  2 curse toes
  6 golden dragons
  A profane servitor (Crypt:3)
  Norris (Vaults:1)
  2 bone dragons
  A Brimstone Fiend (D:2)
  2 Tzitzimimeh
  4 electric golems
  A doom hound (Crypt:2)
  A hellephant (Abyss:3)
  A Hell Sentinel (D:15)
  A shard shrike skeleton (Crypt:1)
  15 tentacled monstrosities
  Mlioglotl (Shoals:3)
  9 liches
  25 Orb Guardians
  Asterion (Depths:2)
  Grunn (Crypt:2)
  7 sphinxes
  6 quicksilver dragons
  8 titans
  2 krakens (Shoals:3)
  Agnes (Spider:2)
  10 death cobs
  A tentacled starspawn (Abyss:3)
  2 Executioners
  Kirke (D:12)
  5 tengu reavers
  9 shadow dragons
  4 ancient champions
  2 revenants
  13 storm dragons
  3 protean progenitors
  7 fire giants
  9 draconian knights
  A fenstrider witch (Vaults:5)
  4 draconian monks
  6 deep elf sorcerers
  2 iron dragons
  12 vault wardens
  12 frost giants
  10 draconian shifters
  3 emperor scorpions
  9 draconian scorchers
  An orc warlord (Vaults:3)
  Louise (Spider:1)
  5 deep elf elementalists (Elf:3)
  7 ghost moths
  A balrug (Depths:3)
  2 draconian stormcallers
  A spriggan defender (Depths:3)
  20 ironbound preservers
  A broodmother (Spider:2)
  7 ghouls
  A juggernaut zombie (Crypt:1)
  A reaper (Depths:3)
  6 draconian annihilators
  6 vampire knights
  24 stone giants
  Nessos (D:12)
  10 green draconians
  3 lorocyprocas
  7 ironbound thunderhulks
  10 very ugly things
  10 black draconians
  11 deep elf death magi
  4 deep elf annihilators (Elf:3)
  11 white draconians
  4 yellow draconians
  6 deep elf demonologists
  Azrael (Spider:1)
  10 dire elephants
  A bunyip (Abyss:3)
  14 spark wasps
  5 war gargoyles
  17 purple draconians
  A minotaur (Gauntlet)
  9 red draconians
  Snorg (D:11)
  6 merfolk impalers
  2 blizzard demons (Abyss:3)
  An eidolon (Crypt:1)
  A crystal guardian (Vaults:3)
  4 merfolk javelineers
  4 ettins
  20 jiangshi
  6 entropy weavers
  5 deep elf high priests
  5 hydras
  10 fire dragons
  A spriggan zombie (Crypt:1)
  15 yaktaur captains
  6 rakshasas
  33 vault guards
  Erolcha (D:11)
  3 death knights
  7 spriggan air magi
  A hell beast (Depths:1)
  5 ogre magi
  7 ironbound frosthearts
  4 peacekeepers
  7 ice dragons
  2 fenstrider witch zombies
  3 merfolk avatars
  6 boulder beetles
  3 jorogumos
  2 alligators (Zot:1)
  3 radroaches
  2 merfolk aquamancers (Shoals:4)
  14 two-headed ogres
  14 centaur warriors
  A catoblepas (Lair:5)
  4 death yaks
  8 tengu warriors
  5 satyrs
  An occultist (Depths:1)
  13 deep troll earth magi
  9 demonic crawlers
  A death scarab (Crypt:1)
  8 deep troll shamans
  3 orc high priests
  38 dancing weapons
  6 vampire magi
  2 hell knights
  2 thrashing horrors (Abyss:3)
  3 spriggan berserkers
  Urug (Lair:4)
  15 deep elf knights
  A sun demon (Lair:5)
  4 wretched stars (Abyss:3)
  4 shadow wraiths
  3 sixfirhies (Abyss:3)
  17 skeletal warriors
  5 skysharks
  3 iron trolls
  A storm dragon skeleton (Crypt:1)
  An anaconda zombie (Crypt:1)
  7 pharaoh ants
  A mana viper (Abyss:3)
  A spatial maelstrom (Abyss:3)
  5 flayed ghosts
  An orb spider (shapeshifter) (Vaults:5)
  9 sea snakes
  4 orb spiders
  51 deep trolls
  3 orange crystal statues
  4 arcanists
  A quicksilver dragon simulacrum (Crypt:3)
  4 bog bodies (Shoals:1)
  10 large abominations
  3 sun moths
  12 deep elf archers
  5 necromancers
  The ghost of mihai the Thaumaturge, a novice DEEE of Vehumet (D:5)
  15 phantasmal warriors
  A spriggan simulacrum (Crypt:2)
  6 orc sorcerers
  16 ironbound convokers
  2 lindwurms (Vaults:4)
  Pikel (D:4)
  19 harpies
  6 orc knights
  An eleionoma zombie (Crypt:1)
  8 cyclopes
  2 lightning spires
  28 deep elf pyromancers
  25 deep elf zephyrmancers
  8 steelbarb worms
  20 wolf spiders
  12 fauns
  An alligator zombie (Crypt:2)
  An oklob plant (Lair:2)
  28 ugly things
  4 worldbinders (Abyss:3)
  23 manticores
  A rust devil (D:10)
  A frost giant skeleton (Vaults:4)
  A meliai (shapeshifter) (Elf:2)
  33 moths of wrath
  3 kobold blastminers
  An eleionoma skeleton (Crypt:2)
  3 black mambas
  15 elephants
  A guardian serpent (Abyss:3)
  A black mamba (shapeshifter) (D:15)
  2 water nymphs
  7 merfolk sirens
  Joseph (D:8)
  6 smoke demons
  A dire elephant zombie (Crypt:1)
  3 apocalypse crabs (Abyss:3)
  A spectral centaur (Crypt:3)
  An ice statue (IceCv)
  2 orange demons (Lair:5)
  A centaur skeleton (Crypt:1)
  13 vault sentinels
  5 gargoyles
  2 unseen horrors
  11 cane toads
  6 torpor snails
  7 freezing wraiths
  7 rime drakes
  2 efreet
  23 yaktaurs
  6 kobold demonologists
  A minotaur zombie (Crypt:1)
  10 komodo dragons
  3 ice devils (Lair:5)
  A black draconian skeleton (Crypt:2)
  An anaconda simulacrum (IceCv)
  A tengu conjurer (Depths:2)
  A queen bee (D:9)
  20 merfolk
  9 hornets
  A polar bear (Lair:5)
  6 trolls
  Prince Ribbit (D:7)
  21 blink frogs
  4 wind drakes
  A harpy skeleton (Crypt:2)
  8 snapping turtles
  A tarantella (shapeshifter) (Elf:2)
  20 tarantellas
  An ettin zombie (Vaults:4)
  2 raiju (shapeshifter) (D:11)
  20 raiju
  Sigmund (D:2)
  12 jumping spiders
  10 shadows
  A slime creature (Vaults:1)
  12 culicivoras
  8 wraiths
  16 air elementals
  A centaur simulacrum (Abyss:3)
  A vampire (D:7)
  2 naga simulacra
  2 spriggans (Depths:2)
  3 ynoxinuls (Abyss:3)
  An ice dragon skeleton (Crypt:1)
  15 water elementals
  45 yaks
  6 neqoxecs (Abyss:3)
  10 fire elementals
  5 hogs (D:13)
  3 wargs
  7 wyverns
  An alligator snapping turtle simulacrum (Crypt:3)
  31 starcursed masses (Abyss:3)
  7 basilisks
  12 vampire mosquitoes
  A steam dragon (Lair:4)
  37 redbacks
  3 chaos spawn (Abyss:3)
  An ogre zombie (Vaults:4)
  A harpy simulacrum (Crypt:2)
  5 acid dragons
  15 water moccasins
  2 glowing shapeshifter skeletons (Vaults:4)
  A faun skeleton (Crypt:2)
  A naga skeleton (Crypt:1)
  18 orc warriors
  An entropy weaver zombie (Crypt:1)
  3 black bears
  4 hell hounds
  37 laughing skulls
  3 ice beasts
  3 boggarts (Vaults:3)
  An ettin simulacrum (Crypt:2)
  4 ogres
  13 wolves
  2 hog zombies
  A dream sheep skeleton (Crypt:2)
  A lemure (D:4)
  3 phantoms
  26 centaurs
  2 weeping skulls (Abyss:3)
  2 brain worms (Abyss:3)
  8 kobold brigands
  2 earth elementals (Elf:3)
  6 scorpions
  10 bullfrogs
  4 gnoll sergeants
  9 small abominations
  A cane toad simulacrum (IceCv)
  6 necrophages
  4 burial acolytes (Crypt:3)
  6 wights (D:7)
  31 killer bees
  A spriggan skeleton (Crypt:1)
  7 electric eels
  9 howler monkeys
  A quasit (Abyss:3)
  8 jellies
  3 hounds
  18 orc priests
  A gnoll bouda (D:5)
  3 iguanas
  4 iron imps (Abyss:3)
  Jessica (D:2)
  2 sleepcaps
  Terence (D:2)
  24 orc wizards
  2 polar bear simulacra (IceCv)
  A naga zombie (Crypt:2)
  15 gnolls
  A swamp drake zombie (Crypt:2)
  8 adders
  A shadow imp (D:7)
  12 white imps
  4 ufetubi
  4 dart slugs
  4 ribbon worms
  62 orcs
  5 endoplasms
  2 giant cockroaches (D:1)
  8 goblins
  9 hobgoblins
  4 jackals (D:1)
  18 kobolds
  4 quokkas
  3 ball pythons
  3 bats
  2 frilled lizards
  A goblin skeleton (Crypt:1)
  A quokka skeleton (Crypt:2)
  3 rats
  A starspawn tentacle (Abyss:3)
  6 tentacles (Shoals:3)
2235 creatures vanquished.

Vanquished Creatures (collateral kills)
  A juggernaut (Depths:3)
  A titan (Vaults:5)
  The ghost of ripuliukko the Eclecticist, an adept GrEE of Vehumet (Shoals:2)
  A ghost moth (Spider:4)
  2 merfolk impalers (Shoals:4)
  An ice dragon (Depths:3)
  A death knight (Crypt:2)
  6 orb spiders
  A wolf spider (Spider:3)
  An ice statue (IceCv)
  A tarantella (Spider:4)
  A jumping spider (Spider:4)
  A redback (Spider:4)
  A white imp (D:13)
20 creatures vanquished.

Vanquished Creatures (others)
  2 pandemonium lords (Zot:1)
  2 doom hounds (Crypt:2)
  A lich (Zot:1)
  An acid blob (Depths:4)
  A very ugly thing (Abyss:3)
  2 ironbound preservers
  4 formless jellyfish
  A black draconian (Zot:1)
  9 great orbs of eyes
  A dire elephant (Vaults:1)
  2 merfolk impalers (Shoals:4)
  2 yaktaur captains
  Harold (D:11)
  2 boulder beetles
  A centaur warrior (Vaults:4)
  An occultist (Lair:5)
  An orc high priest (Orc:2)
  3 deep elf knights (Elf:2)
  11 glowing orange brains
  A deep troll (Vaults:4)
  An iron troll (Depths:1)
  A shadow demon (Zot:1)
  An orc knight (Orc:2)
  An ironbound convoker (Vaults:5)
  A lindwurm (Vaults:4)
  A harpy (Vaults:1)
  A deep elf pyromancer (Elf:1)
  A shining eye (Abyss:3)
  3 lightning spires (Depths:2)
  2 deep elf zephyrmancers
  A manticore (D:14)
  2 ugly things
  A large abomination (Zot:1)
  A merfolk siren (Shoals:3)
  An elephant (shapeshifter) (Depths:2)
  A meliai (shapeshifter) (Elf:3)
  4 shining eyes (shapeshifter)
  A glass eye (Depths:1)
  A water nymph (Shoals:4)
  2 vault sentinels (Vaults:1)
  An eye of devastation (shapeshifter) (Depths:2)
  An orange demon (Lair:5)
  8 yaktaurs
  An unseen horror (shapeshifter) (Vaults:5)
  A kobold demonologist (D:12)
  A freezing wraith (Vaults:5)
  A merfolk (shapeshifter) (Vaults:5)
  A merfolk (Shoals:4)
  A jumping spider (Spider:4)
  23 slime creatures
  A yak (D:11)
  A basilisk (D:11)
  A hog (D:13)
  A dire elephant simulacrum (Abyss:3)
  2 golden eyes (Abyss:3)
  A neqoxec (Zot:1)
  A chaos spawn (Abyss:3)
  2 vampire mosquitoes (D:13)
  3 redbacks (Vaults:3)
  2 small abominations
  3 centaurs (D:12)
  A killer bee (D:11)
  314 jellies
  A quasit (Abyss:3)
  2 orc priests (Orc:2)
  A starcursed mass (Abyss:3)
  2 white imps
  An ufetubus (Zot:1)
  3 orcs
  4 kobolds (D:12)
  3 training dummies (Orc:2)
  15 ball lightnings (Zot:1)
  A lurking horror (Abyss:3)
  A spectral weapon (D:13)
  A starspawn tentacle (Abyss:3)
  9 tentacles (Shoals:3)
493 creatures vanquished.

Grand Total: 2748 creatures vanquished

Notes
Turn   | Place    | Note
-------+----------+-------------------------------------------
     0 | D:1      | ratatoskos the Gargoyle Monk began the quest for the Orb.
     0 | D:1      | Reached XP level 1. HP: 14/14 MP: 1/1
   119 | D:1      | Reached XP level 2. HP: 19/19 MP: 2/2
   314 | D:1      | Reached skill level 1 in Armour
   319 | D:1      | Reached XP level 3. HP: 16/23 MP: 3/3
   352 | D:1      | Found a faded altar of an unknown god.
   741 | D:2      | Noticed Jessica
   756 | D:2      | Killed Jessica
   757 | D:2      | Reached XP level 4. HP: 26/29 MP: 4/4
   874 | D:2      | Noticed Sigmund
   896 | D:2      | Killed Sigmund
   897 | D:2      | Reached XP level 5. HP: 15/33 MP: 5/5
   897 | D:2      | Reached XP level 6. HP: 17/38 MP: 6/6
   989 | D:2      | Found a shadowy altar of Dithmenos.
  1140 | D:2      | Noticed Terence
  1158 | D:2      | Killed Terence
  1769 | D:2      | Found Jeiplouf's Assorted Antiques.
  1944 | D:3      | Found an ornate altar of the Wu Jian Council.
  2062 | D:3      | Reached skill level 5 in Maces & Flails
  2433 | D:4      | Found a shimmering blue altar of Sif Muna.
  2441 | D:4      | Reached XP level 7. HP: 28/44 MP: 7/7
  2731 | D:4      | Identified the +2 spear "Suusogah" {flame, *Slow rN+ Str+5}
  2758 | D:4      | Noticed Pikel
  2796 | D:4      | Killed Pikel
  2797 | D:4      | Reached skill level 5 in Fighting
  2797 | D:4      | Reached XP level 8. HP: 25/50 MP: 8/8
  3265 | D:4      | Found an opulent altar of Gozag.
  3866 | D:5      | Entered Level 5 of the Dungeon
  3866 | D:5      | Found a stormy altar of Qazlal.
  3901 | D:5      | Found Lob Kuf's General Store.
  3920 | D:5      | Bought a scroll of fog for 48 gold pieces
  3958 | D:5      | Found Xuvoff's Magic Scroll Shop.
  3962 | D:5      | Bought a scroll of noise for 14 gold pieces
  3962 | D:5      | Bought a scroll of identify for 28 gold pieces
  3962 | D:5      | Bought a scroll of identify for 28 gold pieces
  3962 | D:5      | Bought a scroll of identify for 28 gold pieces
  4051 | D:5      | Found Niublof's Armour Emporium.
  4226 | D:5      | Reached skill level 5 in Armour
  4286 | D:5      | Found Pasawun's Distillery.
  4288 | D:5      | Found a staircase to the Ecumenical Temple.
  4309 | Temple   | Entered the Ecumenical Temple
  4417 | D:5      | Found Raneruog's Distillery.
  4421 | D:5      | Found a transporter.
  4425 | D:5      | Bought a potion of degeneration for 13 gold pieces
  4514 | D:5      | Reached XP level 9. HP: 56/56 MP: 9/9
  4614 | D:5      | Found a transporter.
  4624 | D:5      | Noticed mihai's ghost (novice DEEE)
  4784 | D:6      | Found a hide-covered altar of Uskayaw.
  4889 | D:5      | Bought a +0 helmet of see invisible for 149 gold pieces
  5046 | D:6      | Reached skill level 5 in Dodging
  5328 | D:6      | Found a broken altar of Ashenzari.
  5744 | D:5      | Bought a potion of lignification for 39 gold pieces
  5789 | D:7      | Noticed Prince Ribbit
  5797 | D:7      | Killed Prince Ribbit
  6153 | D:7      | Identified the +0 leather armour of Vaxokar {Dex+5}
  6844 | D:7      | Reached XP level 10. HP: 55/63 MP: 10/10
  7119 | D:7      | Noticed a gargoyle
  7133 | D:7      | Killed a gargoyle
  7382 | D:7      | Reached skill level 10 in Maces & Flails
  7900 | D:5      | Bought a potion of brilliance for 56 gold pieces
  8222 | D:8      | Found a white marble altar of Elyvilon.
  8284 | D:8      | Noticed a two-headed ogre
  8309 | D:8      | Killed a two-headed ogre
  8596 | D:8      | Noticed Joseph
  8621 | D:8      | Killed Joseph
  8622 | D:8      | Reached XP level 11. HP: 37/69 MP: 11/11
  9303 | D:9      | Found a shadowy altar of Dithmenos.
  9507 | D:9      | Found a blossoming altar of Fedhas.
 10266 | D:5      | Bought a potion of enlightenment for 65 gold pieces
 10310 | D:5      | Bought a potion of heal wounds for 70 gold pieces
 10385 | D:10     | Entered Level 10 of the Dungeon
 10692 | D:10     | Found Lootsikk's Magic Scroll Shop.
 10731 | D:10     | Found a staircase to the Lair.
 11184 | D:10     | Found Nohuru's Distillery.
 11216 | D:10     | Found Lovvynkouhi's General Store.
 11253 | D:10     | Found Fafo's General Store.
 11315 | D:10     | Found Inwov's Tiny Tomes.
 11371 | D:10     | Found a glowing silver altar of Zin.
 11485 | D:10     | Found an iron altar of Okawaru.
 12100 | D:10     | Found a bloodstained altar of Trog.
 12584 | Lair:1   | Entered Level 1 of the Lair of Beasts
 12750 | Lair:1   | Reached skill level 10 in Fighting
 13008 | Lair:1   | Reached XP level 12. HP: 36/77 MP: 12/12
 13334 | Lair:1   | Identified the +0 war axe of Tender Mercy {antimagic, Fly
                  | rElec rN+ SInv}
 13515 | Lair:1   | Reached skill level 10 in Armour
 16074 | D:5      | Killed mihai's ghost
 16834 | Lair:2   | Found a hole to the Spider Nest.
 16983 | Lair:2   | Reached skill level 1 in Evocations
 17188 | Lair:2   | Reached XP level 13. HP: 23/85 MP: 13/13
 18030 | D:5      | Bought a potion of heal wounds for 70 gold pieces
 18524 | Lair:3   | Reached skill level 10 in Dodging
 18650 | Lair:4   | Noticed Urug
 18748 | Lair:4   | Killed Urug
 19080 | Lair:3   | Found a staircase to the Shoals.
 20445 | Lair:4   | Reached skill level 5 in Evocations
 21548 | Lair:5   | Entered Level 5 of the Lair of Beasts
 21572 | Lair:5   | Found a viscous altar of Jiyva.
 21581 | Lair:5   | Found a staircase to the Slime Pits.
 21606 | Lair:5   | Became a worshipper of Jiyva Jinim the Shapeless
 21606 | Lair:5   | Reached * piety under Jiyva
 21606 | Lair:5   | Reached ** piety under Jiyva
 21909 | Lair:5   | Gained mutation: Your large and strong wings let you fly.
                  | [Gargoyle growth]
 21909 | Lair:5   | Reached XP level 14. HP: 92/92 MP: 14/14
 22638 | Lair:5   | Reached *** piety under Jiyva
 23113 | Lair:5   | Found a burning altar of Makhleb.
 23119 | Lair:5   | Found a gateway to Hell.
 23167 | Lair:5   | Noticed a dire elephant
 23192 | Lair:5   | Killed a dire elephant
 24305 | D:11     | Gained mutation: You have acidic saliva. [Jiyva's grace]
 24305 | D:11     | Gained mutation: You have a pair of small antennae on your
                  | head. [Jiyva's grace]
 24305 | D:11     | Gained mutation: You have a pair of antennae on your head.
                  | [Jiyva's grace]
 24305 | D:11     | Gained mutation: You have a pair of large antennae on your
                  | head. (SInv) [Jiyva's grace]
 24367 | D:11     | Noticed Erolcha
 24375 | D:11     | Noticed Snorg
 24384 | D:11     | Killed Erolcha
 24396 | D:11     | Killed Snorg
 24417 | D:11     | Noticed Harold
 24459 | D:11     | Killed Harold
 24863 | D:10     | Bought a scroll of identify for 22 gold pieces
 24863 | D:10     | Bought a scroll of identify for 22 gold pieces
 24871 | D:10     | Bought a scroll of poison for 44 gold pieces
 25150 | D:12     | Reached XP level 15. HP: 96/96 MP: 15/15
 25319 | D:12     | Found a snail-covered altar of Cheibriados.
 25341 | D:12     | Noticed Nessos
 25364 | D:12     | Killed Nessos
 25528 | D:12     | Found a staircase to the Orcish Mines.
 25625 | D:12     | Reached **** piety under Jiyva
 25846 | D:13     | Found a frozen archway.
 25856 | IceCv    | Entered an ice cave
 25915 | IceCv    | Found a transporter.
 25922 | IceCv    | Found a transporter.
 25922 | IceCv    | Found the +8 frozen axe "Frostbite" {freeze, freezing
                  | cloud, *Noise Fly rC+}
 26189 | IceCv    | Identified the +2 plate armour "Qonosh" {rF+ rC+ Regen+
                  | Dex-5}
 26438 | D:13     | Noticed Kirke
 26480 | D:13     | Noticed a sphinx
 26814 | D:12     | Killed Kirke
 26996 | D:13     | Identified the +7 hand axe "Holot" {spect, *Slow rPois rF+
                  | rC+++}
 27028 | D:13     | Paralysed by an ogre mage for 5 turns
 27111 | D:13     | Found a gate to the Vaults.
 27131 | D:13     | Reached ***** piety under Jiyva
 27192 | D:13     | Lost mutation: You have a pair of large antennae on your
                  | head. (SInv) [Jiyva's grace]
 27192 | D:13     | Gained mutation: You passively map a small area around you.
                  | [Jiyva's grace]
 27192 | D:13     | Gained mutation: You passively map the area around you.
                  | [Jiyva's grace]
 27192 | D:13     | Gained mutation: You passively map a large area around you.
                  | [Jiyva's grace]
 27192 | D:13     | Gained mutation: You are covered in slimy tendrils that may
                  | disarm your opponents. [Jiyva's grace]
 27665 | D:14     | Reached skill level 15 in Armour
 28010 | D:15     | Entered Level 15 of the Dungeon
 28061 | D:15     | Found a shimmering altar of Xom.
 28077 | D:15     | Found a shimmering altar of Xom.
 28079 | D:15     | Found a shimmering altar of Xom.
 28081 | D:15     | Found a shimmering altar of Xom.
 28221 | D:15     | Found a gate leading to a gauntlet.
 28230 | Gauntlet | Entered a Gauntlet
 28230 | Gauntlet | Found a transporter.
 28243 | Gauntlet | Found a transporter.
 28245 | Gauntlet | Found a transporter.
 28258 | Gauntlet | Found a runed translucent gate.
 28258 | Gauntlet | Found a runed translucent gate.
 28258 | Gauntlet | Found a runed translucent gate.
 28261 | Gauntlet | Found a transporter.
 28263 | Gauntlet | Found a transporter.
 28307 | Gauntlet | Found a runed translucent door.
 28314 | Gauntlet | Found a transporter.
 28330 | Gauntlet | Found a transporter.
 28333 | Gauntlet | Found a transporter.
 28346 | Gauntlet | Found a transporter.
 28365 | Gauntlet | Found a transporter.
 28372 | Gauntlet | Found a transporter.
 28395 | Gauntlet | Found a transporter.
 28400 | Gauntlet | Found a transporter.
 28484 | Gauntlet | Found a transporter.
 28722 | Gauntlet | Identified the ring of Aboible {rF+ rN+ Int-3 Dex+2}
 28843 | Gauntlet | Identified the +0 pair of gloves "Zuid" {Regen+ Str+5}
 28923 | Gauntlet | Found the +1 Delatra's gloves {ID++}
 28931 | Gauntlet | Identified the +1 robe "Zaikuon" {rPois}
 28932 | Gauntlet | Got the Lessons on Misfortune
 28940 | Gauntlet | Got the Collected Works on Battling
 28942 | Gauntlet | Identified the +4 scale mail of Gravitas {+Inv rF+ Int+5}
 29128 | D:15     | Reached ****** piety under Jiyva
 29263 | D:15     | Paralysed by an ogre mage for 5 turns
 29273 | D:15     | Paralysed by something for 5 turns
 29384 | D:15     | Found a staircase to the Depths.
 29498 | D:15     | Reached XP level 16. HP: 97/103 MP: 16/16
 29514 | D:15     | Reached skill level 10 in Evocations
 29625 | D:15     | Lost mutation: You have a pair of antennae on your head.
                  | [Jiyva's grace]
 29625 | D:15     | Lost mutation: You passively map a large area around you.
                  | [Jiyva's grace]
 29625 | D:15     | Lost mutation: You passively map the area around you.
                  | [Jiyva's grace]
 29625 | D:15     | Lost mutation: You have acidic saliva. [Jiyva's grace]
 29625 | D:15     | Gained mutation: You have acidic saliva. [Jiyva's grace]
 29625 | D:15     | Gained mutation: You expend magic power (3 MP) to
                  | strengthen your wands. [Jiyva's grace]
 29625 | D:15     | Gained mutation: You have an increased reservoir of magic.
                  | (+10% MP) [Jiyva's grace]
 29625 | D:15     | Gained mutation: You have a considerably increased
                  | reservoir of magic. (+20% MP) [Jiyva's grace]
 29969 | Orc:1    | Entered Level 1 of the Orcish Mines
 30293 | Orc:2    | Entered Level 2 of the Orcish Mines
 30574 | Orc:2    | Found Wuvask Niahu's Firing Range.
 30657 | Orc:2    | Found a staircase to the Elven Halls.
 30796 | Orc:2    | Found Ytelieg's Armour Emporium.
 30796 | Orc:2    | Found Kecucig's Antique Armour Shop.
 30798 | Orc:2    | Found Bomuemp's General Store.
 30798 | Orc:2    | Found Jaolel's Distillery.
 30825 | Orc:2    | Bought a potion of heal wounds for 60 gold pieces
 30825 | Orc:2    | Bought a scroll of blinking for 90 gold pieces
 31272 | Slime:1  | Entered Level 1 of the Pits of Slime
 31272 | Slime:1  | Noticed an azure jelly
 31368 | Slime:1  | Noticed an azure jelly
 31370 | Slime:1  | Noticed an azure jelly
 31398 | Slime:1  | Noticed a rockslime
 31555 | Slime:2  | Noticed an azure jelly
 31556 | Slime:2  | Noticed an acid blob
 31563 | Slime:2  | Noticed a rockslime
 31600 | Slime:1  | Noticed a rockslime
 31716 | Slime:2  | Noticed an azure jelly
 31967 | Slime:3  | Noticed an acid blob
 32056 | Slime:3  | Noticed a rockslime
 32259 | Slime:3  | Noticed a rockslime
 32280 | Slime:3  | Noticed an acid blob
 32390 | Slime:3  | Noticed an acid blob
 32399 | Slime:3  | Noticed an acid blob
 32533 | Slime:4  | Noticed an azure jelly
 32534 | Slime:4  | Noticed an azure jelly
 32616 | Slime:4  | Noticed an azure jelly
 32618 | Slime:4  | Noticed a rockslime
 32638 | Slime:4  | Noticed a rockslime
 32674 | Slime:4  | Noticed an acid blob
 32834 | Slime:4  | Noticed a rockslime
 32844 | Slime:4  | Noticed an acid blob
 32911 | Slime:5  | Entered Level 5 of the Pits of Slime
 32916 | Slime:5  | Noticed an azure jelly
 32930 | Slime:5  | Identified the +1 leather armour "Votuigoz" {rN++ Stlth+}
 32940 | Slime:5  | Identified the +0 leather armour "Gyturap" {rElec MP+9
                  | Int-3 Dex+3}
 32955 | Slime:5  | Identified the staff "Gecatog" {rC+ rN+ SInv Necro}
 32969 | Slime:5  | Noticed a rockslime
 32970 | Slime:5  | Noticed an acid blob
 32971 | Slime:5  | Found a viscous altar of Jiyva.
 32975 | Slime:5  | Noticed an acid blob
 32983 | Slime:5  | Noticed an azure jelly
 32986 | Slime:5  | Identified the +1 broad axe "Bingo" {freeze, rC+}
 32989 | Slime:5  | Got a slimy rune of Zot
 32999 | Slime:5  | Noticed an acid blob
 33006 | Slime:5  | Identified the +0 pair of gloves of Ruohoh {-Tele rN++
                  | Int+2}
 33144 | Slime:5  | Noticed an acid blob
 33208 | Slime:5  | Noticed an azure jelly
 33219 | Slime:5  | Noticed the Royal Jelly
 33320 | Slime:5  | Noticed an azure jelly
 33366 | Slime:5  | Noticed an acid blob
 33576 | Spider:1 | Entered Level 1 of the Spider Nest
 33585 | Spider:1 | Noticed Louise
 33601 | Abyss:3  | Cast into level 3 of the Abyss (Louise)
 33947 | Abyss:3  | Gained mutation: You do not regenerate when monsters are
                  | visible. [a neqoxec]
 33948 | Abyss:3  | Gained mutation: You occasionally lose the ability to drink
                  | potions when taking damage. [a neqoxec]
 33965 | Abyss:3  | Noticed an ancient lich
 33972 | Abyss:3  | Lost mutation: You have a considerably increased reservoir
                  | of magic. (+20% MP) [Jiyva's grace]
 33972 | Abyss:3  | Lost mutation: You passively map a small area around you.
                  | [Jiyva's grace]
 33972 | Abyss:3  | Lost mutation: You have acidic saliva. [Jiyva's grace]
 33972 | Abyss:3  | Gained mutation: Your flesh is heat resistant. (rF+)
                  | [Jiyva's grace]
 33972 | Abyss:3  | Gained mutation: Your flesh is very heat resistant. (rF++)
                  | [Jiyva's grace]
 33972 | Abyss:3  | Gained mutation: Your flesh is almost immune to the effects
                  | of heat. (rF+++) [Jiyva's grace]
 33972 | Abyss:3  | Gained mutation: Your mind is acute. (Int +4, Str/Dex -1)
                  | [Jiyva's grace]
 33979 | Abyss:3  | Noticed a lich
 33996 | Spider:1 | Escaped the Abyss
 34020 | Spider:1 | Killed Louise
 34084 | Spider:1 | Noticed Azrael
 34099 | Spider:1 | Killed Azrael
 34148 | Spider:1 | You are sucked into a shaft and drop 1 floor!
 34233 | Spider:2 | Noticed Agnes
 34237 | Spider:2 | Killed Agnes
 34348 | Spider:1 | Lost mutation: You expend magic power (3 MP) to strengthen
                  | your wands. [potion of mutation]
 34348 | Spider:1 | Lost mutation: You have a pair of small antennae on your
                  | head. [potion of mutation]
 34348 | Spider:1 | Lost mutation: You occasionally lose the ability to drink
                  | potions when taking damage. [potion of mutation]
 34352 | Spider:1 | Lost mutation: You are covered in slimy tendrils that may
                  | disarm your opponents. [potion of mutation]
 34352 | Spider:1 | Lost mutation: Your flesh is almost immune to the effects
                  | of heat. (rF+++) [potion of mutation]
 34352 | Spider:1 | Lost mutation: Your flesh is very heat resistant. (rF++)
                  | [potion of mutation]
 34352 | Spider:1 | Gained mutation: You are partially covered in iridescent
                  | scales. (AC +2) [potion of mutation]
 34352 | Spider:1 | Gained mutation: Your muscles are strong. (Str +4, Int/Dex
                  | -1) [potion of mutation]
 34587 | D:10     | Bought a potion of mutation for 88 gold pieces
 34587 | D:10     | Bought a scroll of poison for 44 gold pieces
 34588 | D:10     | Lost mutation: Your mind is acute. (Int +4, Str/Dex -1)
                  | [potion of mutation]
 34588 | D:10     | Lost mutation: You are partially covered in iridescent
                  | scales. (AC +2) [potion of mutation]
 34588 | D:10     | Lost mutation: Your muscles are strong. (Str +4, Int/Dex
                  | -1) [potion of mutation]
 34588 | D:10     | Lost mutation: You have an increased reservoir of magic.
                  | (+10% MP) [potion of mutation]
 34588 | D:10     | Gained mutation: You are clumsy. (Dex -2) [potion of
                  | mutation]
 34588 | D:10     | Gained mutation: Your movements are slightly less
                  | encumbered by armour. (ER -2) [potion of mutation]
 34633 | D:10     | Bought a potion of mutation for 128 gold pieces
 34633 | D:10     | Lost mutation: Your movements are slightly less encumbered
                  | by armour. (ER -2) [potion of mutation]
 34633 | D:10     | Lost mutation: You do not regenerate when monsters are
                  | visible. [potion of mutation]
 35037 | Spider:1 | Reached skill level 15 in Fighting
 35079 | Spider:2 | Reached XP level 17. HP: 113/113 MP: 17/17
 36014 | Spider:3 | Lost mutation: You are clumsy. (Dex -2) [Jiyva's grace]
 36014 | Spider:3 | Gained mutation: You have large cloven feet. [Jiyva's
                  | grace]
 36014 | Spider:3 | Gained mutation: You have hoof-like feet. [Jiyva's grace]
 36014 | Spider:3 | Gained mutation: You have hooves in place of feet. [Jiyva's
                  | grace]
 36014 | Spider:3 | Gained mutation: You are somewhat resistant to further
                  | mutation. [Jiyva's grace]
 36204 | Spider:4 | Entered Level 4 of the Spider Nest
 36903 | Spider:4 | Gained mutation: You are clumsy. (Dex -2) [mutagenic glow]
 37336 | Spider:4 | Reached XP level 18. HP: 124/124 MP: 18/18
 37447 | Spider:4 | Identified the +2 sling "Jiziq" {flame, *Corrode rElec
                  | Will++ Str+3}
 37464 | Spider:4 | Identified the +0 pair of gloves of the Fife {rElec rPois
                  | rN+ Dex-2}
 37475 | Spider:4 | Got a gossamer rune of Zot
 37686 | Shoals:1 | Entered Level 1 of the Shoals
 38921 | Shoals:2 | Found a runed translucent door.
 38922 | Shoals:2 | Noticed ripuliukko's ghost (adept GrEE)
 38975 | Shoals:2 | Lost mutation: You are clumsy. (Dex -2) [Jiyva's grace]
 38975 | Shoals:2 | Lost mutation: Your flesh is heat resistant. (rF+) [Jiyva's
                  | grace]
 38975 | Shoals:2 | Gained mutation: Your spells are a little harder to cast,
                  | but a little more powerful. [Jiyva's grace]
 38975 | Shoals:2 | Gained mutation: Your spells are harder to cast, but more
                  | powerful. [Jiyva's grace]
 38975 | Shoals:2 | Gained mutation: Your spells are much harder to cast, but
                  | much more powerful. [Jiyva's grace]
 38975 | Shoals:2 | Gained mutation: Armour fits poorly on your pseudopods.
                  | [Jiyva's grace]
 39076 | Shoals:2 | Found a hazy altar of Hepliaklqana.
 39489 | Shoals:2 | Killed ripuliukko's ghost
 39493 | Shoals:2 | Identified the +5 trident "Waheiluc" {freeze, Fly Will-
                  | MP+9 Dex+4}
 39864 | Shoals:3 | Found Foanoot's Gadget Gallery.
 39880 | Shoals:3 | Noticed Mara
 39903 | Shoals:3 | Noticed ratatoskos's illusion
 39998 | Shoals:3 | Noticed ratatoskos's illusion
 40101 | Shoals:3 | Noticed ratatoskos's illusion
 40147 | Shoals:2 | Killed Mara
 40244 | Shoals:3 | Bought a wand of light (5) for 399 gold pieces
 40520 | Shoals:3 | Noticed Mlioglotl
 40537 | Shoals:3 | Killed Mlioglotl
 41195 | Shoals:4 | Entered Level 4 of the Shoals
 41210 | Shoals:4 | Found a gateway to a bazaar.
 41832 | Shoals:4 | Reached XP level 19. HP: 68/133 MP: 19/19
 41883 | Shoals:4 | Got a barnacled rune of Zot
 42645 | Vaults:1 | Entered Level 1 of the Vaults
 42761 | Vaults:1 | Lost mutation: Armour fits poorly on your pseudopods.
                  | [Jiyva's grace]
 42761 | Vaults:1 | Gained mutation: You are robust. (+10% HP) [Jiyva's grace]
 42761 | Vaults:1 | Gained mutation: You are very robust. (+20% HP) [Jiyva's
                  | grace]
 42761 | Vaults:1 | Gained mutation: You are extremely robust. (+30% HP)
                  | [Jiyva's grace]
 42761 | Vaults:1 | Gained mutation: Your body has grown eyes which may confuse
                  | attackers. (Acc +3) [Jiyva's grace]
 42821 | Vaults:1 | Noticed Norris
 42835 | Vaults:1 | Killed Norris
 44276 | Vaults:2 | Lost mutation: Your body has grown eyes which may confuse
                  | attackers. (Acc +3) [Jiyva's grace]
 44276 | Vaults:2 | Gained mutation: You have supernaturally acute eyesight.
                  | (SInv) [Jiyva's grace]
 44276 | Vaults:2 | Gained mutation: You have a pair of small horns on your
                  | head. [Jiyva's grace]
 44276 | Vaults:2 | Gained mutation: You have a pair of horns on your head.
                  | [Jiyva's grace]
 44276 | Vaults:2 | Gained mutation: You have a pair of large horns on your
                  | head. [Jiyva's grace]
 44533 | Vaults:2 | Found Elenobij's Weapon Shoppe.
 44688 | Vaults:3 | Identified the orb "Jabomog" {*channel, rPois Str-5 Earth}
 44710 | Vaults:3 | Found a portal to a secret trove of treasure.
 44742 | Vaults:3 | You paid a toll of 4 scrolls of fog to enter a treasure
                  | trove
 44743 | Trove    | Entered a treasure trove
 44883 | Vaults:3 | You are sucked into a shaft and drop 1 floor!
 44935 | Vaults:4 | Paralysed by a sphinx for 2 turns
 44939 | Vaults:4 | Paralysed by a sphinx for 4 turns
 44973 | Vaults:4 | Reached XP level 20. HP: 178/184 MP: 20/20
 45319 | Vaults:4 | Found Ceumpub's Antique Armour Emporium.
 45378 | Vaults:4 | Lost mutation: You have hooves in place of feet. [Jiyva's
                  | grace]
 45378 | Vaults:4 | Lost mutation: You have a pair of large horns on your head.
                  | [Jiyva's grace]
 45378 | Vaults:4 | Lost mutation: You are extremely robust. (+30% HP) [Jiyva's
                  | grace]
 45378 | Vaults:4 | Lost mutation: Your spells are much harder to cast, but
                  | much more powerful. [Jiyva's grace]
 45378 | Vaults:4 | Gained mutation: Your mind is acute. (Int +4, Str/Dex -1)
                  | [Jiyva's grace]
 45378 | Vaults:4 | Gained mutation: Your mind is very acute. (Int +8, Str/Dex
                  | -2) [Jiyva's grace]
 45378 | Vaults:4 | Gained mutation: Your rubbery body absorbs attacks. (AC +1,
                  | EV +1) [Jiyva's grace]
 45378 | Vaults:4 | Gained mutation: Your pliable body absorbs attacks. (AC +2,
                  | EV +2) [Jiyva's grace]
 45507 | Vaults:4 | Paralysed by a sphinx for 3 turns
 45952 | Vaults:4 | Identified the +1 scale mail of Cuze {Will+ Dex+5}
 46667 | Vaults:3 | Found a staircase to the Crypt.
 46667 | Vaults:3 | Found an ancient bone altar of Kikubaaqudgha.
 46668 | Vaults:3 | Found a basalt altar of Yredelemnul.
 46855 | Vaults:3 | Lost mutation: Your mind is very acute. (Int +8, Str/Dex
                  | -2) [Jiyva's grace]
 46855 | Vaults:3 | Lost mutation: You are very robust. (+20% HP) [Jiyva's
                  | grace]
 46855 | Vaults:3 | Lost mutation: Your spells are harder to cast, but more
                  | powerful. [Jiyva's grace]
 46855 | Vaults:3 | Lost mutation: Your pliable body absorbs attacks. (AC +2,
                  | EV +2) [Jiyva's grace]
 46855 | Vaults:3 | Gained mutation: Your pliable body absorbs attacks. (AC +2,
                  | EV +2) [Jiyva's grace]
 46855 | Vaults:3 | Gained mutation: Your gelatinous body deflects attacks. (AC
                  | +3, EV +3) [Jiyva's grace]
 46855 | Vaults:3 | Gained mutation: Your spells are harder to cast, but more
                  | powerful. [Jiyva's grace]
 46855 | Vaults:3 | Gained mutation: Your spells are much harder to cast, but
                  | much more powerful. [Jiyva's grace]
 47202 | Depths:1 | Entered Level 1 of the Depths
 47786 | Depths:1 | Reached XP level 21. HP: 133/167 MP: 17/21
 47950 | Abyss:3  | Cast into level 3 of the Abyss (an occultist)
 47955 | Abyss:3  | Found a corrupted altar of Lugonu.
 47981 | Depths:1 | Escaped the Abyss
 48547 | Depths:2 | Found a one-way gate leading to the halls of Pandemonium.
 48712 | Depths:2 | Found a one-way gateway to a ziggurat.
 48765 | Depths:2 | Noticed Asterion
 48774 | Depths:2 | Killed Asterion
 48944 | Depths:2 | Found a runed translucent door.
 48950 | Depths:2 | Identified the +3 storm dragon scales of the Shining Light
                  | {Rampage rElec rF+ Dex+2}
 48968 | Depths:2 | Lost mutation: You have hoof-like feet. [Jiyva's grace]
 48968 | Depths:2 | Lost mutation: You have a pair of horns on your head.
                  | [Jiyva's grace]
 48968 | Depths:2 | Lost mutation: You are somewhat resistant to further
                  | mutation. [Jiyva's grace]
 48968 | Depths:2 | Lost mutation: Your spells are much harder to cast, but
                  | much more powerful. [Jiyva's grace]
 48968 | Depths:2 | Gained mutation: Your body has grown eyes which may confuse
                  | attackers. (Acc +3) [Jiyva's grace]
 48968 | Depths:2 | Gained mutation: Your body has grown many eyes which may
                  | confuse attackers. (Acc +5) [Jiyva's grace]
 48968 | Depths:2 | Gained mutation: Your body is covered in eyes which may
                  | confuse attackers. (Acc +7, SInv) [Jiyva's grace]
 48968 | Depths:2 | Gained mutation: You are partially covered in iridescent
                  | scales. (AC +2) [Jiyva's grace]
 49291 | Depths:2 | Identified the staff "Jaludaa" {rElec rC+ Str-2 Int+2
                  | Earth}
 49359 | Depths:2 | Identified the dragon-blood talisman of the Mertaur {rElec
                  | Str-3 Dex+4 SInv}
 49465 | Depths:2 | Noticed a caustic shrike
 49489 | Depths:2 | Killed a caustic shrike
 49745 | Depths:2 | Identified the staff of Due Proportion {Fly rElec rF+ Air}
 49758 | Depths:2 | Paralysed by an air elemental for 1 turns
 49762 | Depths:2 | Paralysed by an air elemental for 1 turns
 49765 | Depths:2 | Paralysed by an air elemental for 1 turns
 49768 | Depths:2 | Paralysed by an air elemental for 1 turns
 49771 | Depths:2 | Reached skill level 1 in Shields
 49772 | Depths:2 | Paralysed by an air elemental for 1 turns
 49776 | Depths:2 | Paralysed by an air elemental for 1 turns
 49778 | Depths:2 | Paralysed by an air elemental for 1 turns
 49782 | Depths:2 | Reached skill level 1 in Polearms
 49782 | Depths:2 | Paralysed by an air elemental for 1 turns
 49786 | Depths:2 | Paralysed by an air elemental for 1 turns
 49789 | Depths:2 | Paralysed by an air elemental for 1 turns
 49791 | Depths:2 | Paralysed by an air elemental for 1 turns
 49796 | Depths:2 | Paralysed by an air elemental for 1 turns
 49800 | Depths:2 | Paralysed by an air elemental for 1 turns
 49804 | Depths:2 | Paralysed by an air elemental for 1 turns
 49815 | Depths:2 | Paralysed by an air elemental for 1 turns
 49835 | Depths:2 | Paralysed by an air elemental for 1 turns
 50561 | Depths:3 | Reached XP level 22. HP: 177/177 MP: 22/22
 50826 | Depths:3 | Noticed a juggernaut
 50853 | Depths:3 | Killed a juggernaut
 50947 | Depths:3 | Found a one-way gate to the infinite horrors of the Abyss.
 51102 | Depths:3 | Identified the ring of Attagix {rF+ Str+6}
 51151 | Depths:3 | Identified the +9 plate armour "Fueseniw" {Harm +Inv rF++
                  | Will-}
 51216 | Depths:3 | Reached skill level 5 in Shields
 51524 | Depths:4 | Entered Level 4 of the Depths
 51926 | Vaults:4 | Bought a pair of distressingly furry boots for 323 gold
                  | pieces
 51926 | Vaults:4 | Identified the +1 pair of boots of Doycohut {^Drain rPois
                  | rC+ Str+5} (You bought it in a shop on level 4 of the
                  | Vaults)
 52336 | Depths:4 | Found a gate to the Realm of Zot.
 52383 | Depths:4 | Reached skill level 5 in Polearms
 52600 | Depths:4 | Lost mutation: You are robust. (+10% HP) [Jiyva's grace]
 52600 | Depths:4 | Lost mutation: Your spells are harder to cast, but more
                  | powerful. [Jiyva's grace]
 52600 | Depths:4 | Lost mutation: Your gelatinous body deflects attacks. (AC
                  | +3, EV +3) [Jiyva's grace]
 52600 | Depths:4 | Lost mutation: Your pliable body absorbs attacks. (AC +2,
                  | EV +2) [Jiyva's grace]
 52600 | Depths:4 | Gained mutation: Your flesh is heat resistant. (rF+)
                  | [Jiyva's grace]
 52600 | Depths:4 | Gained mutation: Your flesh is very heat resistant. (rF++)
                  | [Jiyva's grace]
 52600 | Depths:4 | Gained mutation: Your flesh is almost immune to the effects
                  | of heat. (rF+++) [Jiyva's grace]
 52600 | Depths:4 | Gained mutation: You have acidic saliva. [Jiyva's grace]
 52714 | Depths:4 | Noticed a juggernaut
 52731 | Depths:4 | Slimified a juggernaut
 52731 | Depths:4 | a juggernaut changed into an acid blob
 52968 | Depths:4 | Noticed a juggernaut
 52991 | Depths:4 | Killed a juggernaut
 53249 | Elf:1    | Entered Level 1 of the Elven Halls
 54089 | Elf:2    | Paralysed by an air elemental for 1 turns
 54270 | Elf:2    | Paralysed by an air elemental for 1 turns
 54439 | Elf:2    | Paralysed by an air elemental for 1 turns
 54563 | Elf:2    | Found Jacvy's Book Shop.
 54586 | Elf:2    | Reached XP level 23. HP: 167/168 MP: 23/23
 54938 | Elf:2    | Lost mutation: You have a pair of small horns on your head.
                  | [Jiyva's grace]
 54938 | Elf:2    | Lost mutation: You have supernaturally acute eyesight.
                  | (SInv) [Jiyva's grace]
 54938 | Elf:2    | Lost mutation: Your mind is acute. (Int +4, Str/Dex -1)
                  | [Jiyva's grace]
 54938 | Elf:2    | Lost mutation: Your flesh is almost immune to the effects
                  | of heat. (rF+++) [Jiyva's grace]
 54938 | Elf:2    | Lost mutation: Your spells are a little harder to cast, but
                  | a little more powerful. [Jiyva's grace]
 54938 | Elf:2    | Lost mutation: Your body is covered in eyes which may
                  | confuse attackers. (Acc +7, SInv) [Jiyva's grace]
 54938 | Elf:2    | Lost mutation: Your rubbery body absorbs attacks. (AC +1,
                  | EV +1) [Jiyva's grace]
 54938 | Elf:2    | Gained mutation: You have a small jelly attached to you
                  | that senses nearby items. [Jiyva's grace]
 54938 | Elf:2    | Gained mutation: You are covered in fur. (AC +1) [Jiyva's
                  | grace]
 54938 | Elf:2    | Gained mutation: You are covered in thick fur. (AC +2)
                  | [Jiyva's grace]
 54938 | Elf:2    | Gained mutation: Your thick and shaggy fur keeps you warm.
                  | (AC +3, rC+) [Jiyva's grace]
 54948 | Elf:2    | Found a runed translucent gate.
 54949 | Elf:2    | Found a runed translucent gate.
 54949 | Elf:2    | Found a runed translucent gate.
 55360 | Elf:3    | Entered Level 3 of the Elven Halls
 55824 | Elf:3    | Reached skill level 10 in Shields
 56110 | Abyss:3  | Cast into level 3 of the Abyss (a deep elf sorcerer)
 56191 | Abyss:3  | Paralysed by accursed screaming for 1 turns
 56256 | Abyss:3  | Killed an ancient lich
 56450 | Elf:3    | Escaped the Abyss
 56580 | Elf:3    | Gained mutation: You occasionally lose the ability to read
                  | scrolls when taking damage. [a cacodemon]
 56598 | Abyss:3  | Cast into level 3 of the Abyss (a deep elf sorcerer)
 56601 | Abyss:3  | Lost mutation: Your thick and shaggy fur keeps you warm.
                  | (AC +3, rC+) [Jiyva's grace]
 56601 | Abyss:3  | Lost mutation: Your body has grown many eyes which may
                  | confuse attackers. (Acc +5) [Jiyva's grace]
 56601 | Abyss:3  | Lost mutation: You have a small jelly attached to you that
                  | senses nearby items. [Jiyva's grace]
 56601 | Abyss:3  | Lost mutation: You occasionally lose the ability to read
                  | scrolls when taking damage. [Jiyva's grace]
 56601 | Abyss:3  | Gained mutation: Your spells are a little harder to cast,
                  | but a little more powerful. [Jiyva's grace]
 56601 | Abyss:3  | Gained mutation: Your spells are harder to cast, but more
                  | powerful. [Jiyva's grace]
 56601 | Abyss:3  | Gained mutation: Your spells are much harder to cast, but
                  | much more powerful. [Jiyva's grace]
 56601 | Abyss:3  | Lost mutation: You have large cloven feet. [Jiyva's grace]
 56601 | Abyss:3  | Gained mutation: You have sharp toenails. [Jiyva's grace]
 56894 | Abyss:3  | Got an abyssal rune of Zot
 57016 | Abyss:3  | Noticed a dread lich
 57038 | Abyss:3  | Paralysed by a dread lich for 4 turns
 57044 | Abyss:3  | Killed a dread lich
 57087 | Elf:3    | Escaped the Abyss
 57240 | Elf:3    | Identified the ring of Ru's Inspiration {^Contam Will+
                  | rCorr Int+4 Dex+4}
 57393 | Elf:3    | Identified the staff of the Cup {rN++ rCorr Str+3 Earth}
 57736 | Elf:3    | Identified the +0 buckler "Ybyosk" {+Blink Will+}
 57736 | Elf:3    | Identified the ring "Vourusmu" {Ice rElec Will- rCorr
                  | Int-2}
 58177 | Crypt:1  | Entered Level 1 of the Crypt
 58200 | Crypt:1  | Reached skill level 10 in Polearms
 58460 | Crypt:1  | Reached XP level 24. HP: 156/175 MP: 20/23
 59092 | Crypt:2  | Noticed Grunn
 59107 | Crypt:2  | Killed Grunn
 59107 | Crypt:2  | Identified the ring "Zolewn" {Ice Will+ MP+9 Int+2}
 59107 | Crypt:2  | Noticed Josephina
 59176 | Crypt:2  | Killed Josephina
 59272 | Crypt:2  | Identified the +7 short sword of Conscience {antimagic,
                  | rCorr Dex+4}
 59801 | Crypt:2  | Lost mutation: Your spells are much harder to cast, but
                  | much more powerful. [Jiyva's grace]
 59801 | Crypt:2  | Lost mutation: Your body has grown eyes which may confuse
                  | attackers. (Acc +3) [Jiyva's grace]
 59801 | Crypt:2  | Gained mutation: You have a small jelly attached to you
                  | that may absorb projectiles. [Jiyva's grace]
 59801 | Crypt:2  | Gained mutation: You are mostly covered in iridescent
                  | scales. (AC +4) [Jiyva's grace]
 59801 | Crypt:2  | Gained mutation: You are completely covered in iridescent
                  | scales. (AC +6) [Jiyva's grace]
 59801 | Crypt:2  | Gained mutation: Your rubbery body absorbs attacks. (AC +1,
                  | EV +1) [Jiyva's grace]
 60723 | Crypt:3  | Entered Level 3 of the Crypt
 61459 | Crypt:3  | Found an ancient bone altar of Kikubaaqudgha.
 62052 | Crypt:3  | Noticed a dread lich
 62055 | Crypt:3  | Found a staircase to the Tomb.
 62059 | Crypt:3  | Paralysed by a dread lich for 3 turns
 62066 | Crypt:3  | Killed a dread lich
 62233 | Crypt:3  | Identified the staff "Cuewom" {+Blink SInv Earth}
 62382 | Crypt:3  | Identified the +3 short sword "Ylumos" {holy, rF++ Str-3}
 62710 | Vaults:5 | Entered Level 5 of the Vaults
 62723 | Vaults:5 | Reached XP level 25. HP: 167/183 MP: 22/23
 62890 | Vaults:5 | Reached skill level 27 in Armour
 63094 | Vaults:5 | Found Guofek's Distillery.
 63155 | Vaults:5 | Reached skill level 15 in Shields
 63475 | Vaults:5 | Got a silver rune of Zot
 63483 | Vaults:5 | Found Foucsiedgh's Jewellery Shop.
 63567 | Vaults:5 | Found Uponon's Magic Scroll Shop.
 63580 | Vaults:5 | Found Wolyt's Magic Scroll Shoppe.
 63612 | Vaults:5 | Found Ytogg's Distillery.
 63633 | Vaults:5 | Found Ysaamuaf's Magic Scroll Shoppe.
 63767 | Vaults:5 | Found Kufiabynn's General Store.
 63867 | Vaults:5 | Found Ytzor's Magic Scroll Shoppe.
 64731 | Bazaar   | Entered a bazaar
 64731 | Bazaar   | Found Ceafuf's Weapon Boutique.
 64731 | Bazaar   | Found Ydohaete's Antique Armour Shop.
 64731 | Bazaar   | Found Ycauh's Armour Shop.
 65016 | D:2      | Bought a scroll of enchant armour for 217 gold pieces
 65329 | Vaults:5 | Bought a scroll of enchant armour for 142 gold pieces
 65377 | Vaults:5 | Bought a scroll of enchant armour for 82 gold pieces
 65377 | Vaults:5 | Bought a scroll of blinking for 82 gold pieces
 65391 | Vaults:5 | Bought a scroll of blinking for 97 gold pieces
 65405 | Vaults:5 | Bought a potion of heal wounds for 100 gold pieces
 65405 | Vaults:5 | Bought a potion of heal wounds for 100 gold pieces
 65440 | Vaults:5 | Bought a potion of heal wounds for 110 gold pieces
 65440 | Vaults:5 | Bought a potion of heal wounds for 110 gold pieces
 65440 | Vaults:5 | Bought a potion of heal wounds for 110 gold pieces
 65440 | Vaults:5 | Bought a potion of heal wounds for 110 gold pieces
 65440 | Vaults:5 | Bought a potion of heal wounds for 110 gold pieces
 65440 | Vaults:5 | Bought a potion of cancellation for 176 gold pieces
 65482 | Vaults:5 | Bought 2 potions of haste for 360 gold pieces
 65528 | Vaults:5 | Bought a scroll of fear for 44 gold pieces
 65576 | Vaults:5 | Bought a scroll of fear for 76 gold pieces
 65576 | Vaults:5 | Bought a scroll of fear for 76 gold pieces
 65791 | Zot:1    | Entered Level 1 of the Realm of Zot
 66131 | Zot:1    | Lost mutation: You have sharp toenails. [Jiyva's grace]
 66131 | Zot:1    | Lost mutation: You have acidic saliva. [Jiyva's grace]
 66131 | Zot:1    | Gained mutation: You have hidden genetic potential.
                  | [Jiyva's grace]
 66131 | Zot:1    | Gained mutation: You have great hidden genetic potential.
                  | [Jiyva's grace]
 66131 | Zot:1    | Gained mutation: Your body has grown eyes which may confuse
                  | attackers. (Acc +3) [Jiyva's grace]
 66131 | Zot:1    | Gained mutation: Your body has grown many eyes which may
                  | confuse attackers. (Acc +5) [Jiyva's grace]
 66195 | Zot:1    | Reached skill level 27 in Fighting
 66587 | Zot:2    | Noticed a Killer Klown
 66602 | Zot:2    | Killed a Killer Klown
 66713 | Zot:2    | Noticed a Killer Klown
 66758 | Zot:2    | Reached XP level 26. HP: 193/193 MP: 23/23
 67070 | Zot:2    | Reached skill level 15 in Dodging
 67589 | Zot:2    | Identified the +0 chain mail "Qad Xeuj" {Rampage Dex+2}
 68052 | Zot:3    | Lost mutation: You are covered in thick fur. (AC +2)
                  | [Jiyva's grace]
 68052 | Zot:3    | Gained mutation: You possess an exceptional clarity of
                  | mind. [Jiyva's grace]
 68052 | Zot:3    | Gained mutation: You have a small jelly attached to you
                  | that senses nearby items. [Jiyva's grace]
 68052 | Zot:3    | Gained mutation: Your pliable body absorbs attacks. (AC +2,
                  | EV +2) [Jiyva's grace]
 68052 | Zot:3    | Gained mutation: Your gelatinous body deflects attacks. (AC
                  | +3, EV +3) [Jiyva's grace]
 69366 | Zot:4    | Identified the +0 buckler of the Cicada {-Tele rF++}
 69459 | Zot:4    | Gained mutation: You are strong-willed. (Will+) [hidden
                  | potential]
 69726 | Zot:4    | Lost mutation: You are completely covered in iridescent
                  | scales. (AC +6) [Jiyva's grace]
 69726 | Zot:4    | Lost mutation: Your flesh is very heat resistant. (rF++)
                  | [Jiyva's grace]
 69726 | Zot:4    | Lost mutation: You are covered in fur. (AC +1) [Jiyva's
                  | grace]
 69726 | Zot:4    | Lost mutation: Your spells are harder to cast, but more
                  | powerful. [Jiyva's grace]
 69726 | Zot:4    | Lost mutation: Your gelatinous body deflects attacks. (AC
                  | +3, EV +3) [Jiyva's grace]
 69726 | Zot:4    | Lost mutation: You have a small jelly attached to you that
                  | senses nearby items. [Jiyva's grace]
 69726 | Zot:4    | Gained mutation: You are agile. (Dex +4, Str/Int -1)
                  | [Jiyva's grace]
 69726 | Zot:4    | Gained mutation: You are very agile. (Dex +8, Str/Int -2)
                  | [Jiyva's grace]
 69726 | Zot:4    | Gained mutation: You are robust. (+10% HP) [Jiyva's grace]
 69726 | Zot:4    | Gained mutation: You are very robust. (+20% HP) [Jiyva's
                  | grace]
 69933 | Zot:5    | Entered Level 5 of the Realm of Zot
 69938 | Zot:5    | Noticed a dread lich
 70006 | Zot:5    | Found Gucloups's Changing Room.
 70035 | Zot:5    | Bought 3 potions of mutation for 504 gold pieces
 70035 | Zot:5    | Bought 2 potions of mutation for 336 gold pieces
 70440 | Zot:5    | Noticed an orb of fire
 70442 | Zot:5    | Noticed an orb of fire
 70447 | Zot:5    | Noticed a Killer Klown
 70506 | Zot:5    | Noticed an orb of fire
 70507 | Zot:5    | Lost mutation: You possess an exceptional clarity of mind.
                  | [an orb of fire]
 70518 | Zot:4    | Gained mutation: You are vulnerable to cold. (rC-) [an orb
                  | of fire]
 70526 | Zot:4    | Lost mutation: You are very robust. (+20% HP) [an orb of
                  | fire]
 70530 | Zot:4    | Paralysed by a dread lich for 4 turns
 70530 | Zot:4    | Lost mutation: You are robust. (+10% HP) [an orb of fire]
 70531 | Zot:4    | Gained mutation: You do not regenerate when monsters are
                  | visible. [an orb of fire]
 70532 | Zot:4    | Gained mutation: Your health recovers twice as slowly from
                  | being drained. [an orb of fire]
 70540 | Zot:4    | Killed a dread lich
 70541 | Zot:4    | Reached XP level 27. HP: 187/199 MP: 18/23
 70541 | Zot:4    | Lost mutation: You have a small jelly attached to you that
                  | may absorb projectiles. [an orb of fire]
 70558 | Zot:4    | Killed an orb of fire
 70568 | Zot:4    | Killed an orb of fire
 70595 | Zot:5    | Lost mutation: You are very agile. (Dex +8, Str/Int -2) [an
                  | orb of fire]
 70596 | Zot:5    | Noticed an ancient lich
 70618 | Zot:4    | Gained mutation: Your magical capacity is low. (-10% MP)
                  | [an orb of fire]
 70620 | Zot:4    | Gained mutation: Armour fits poorly on your strangely
                  | shaped body. [an orb of fire]
 70624 | Zot:4    | Gained mutation: You are frail. (-10% HP) [an orb of fire]
 70629 | Zot:4    | Killed an orb of fire
 70691 | Zot:5    | Noticed a dread lich
 70697 | Zot:5    | Killed an ancient lich
 70699 | Zot:5    | Noticed an orb of fire
 70729 | Zot:4    | Killed a dread lich
 70751 | Zot:4    | Lost mutation: Your spells are a little harder to cast, but
                  | a little more powerful. [an orb of fire]
 70753 | Zot:4    | Gained mutation: Your body sometimes deteriorates upon
                  | taking damage. [an orb of fire]
 70770 | Zot:4    | Gained mutation: You occasionally lose the ability to read
                  | scrolls when taking damage. [an orb of fire]
 70772 | Zot:4    | Killed an orb of fire
 71346 | Zot:5    | Noticed a dread lich
 71369 | Zot:5    | Killed a dread lich
 71699 | Zot:5    | Lost mutation: You do not regenerate when monsters are
                  | visible. [potion of mutation]
 71699 | Zot:5    | Lost mutation: You are frail. (-10% HP) [potion of
                  | mutation]
 71699 | Zot:5    | Lost mutation: You are vulnerable to cold. (rC-) [potion of
                  | mutation]
 71700 | Zot:5    | Lost mutation: You occasionally lose the ability to read
                  | scrolls when taking damage. [potion of mutation]
 71700 | Zot:5    | Lost mutation: Your health recovers twice as slowly from
                  | being drained. [potion of mutation]
 71700 | Zot:5    | Lost mutation: You are mostly covered in iridescent scales.
                  | (AC +4) [potion of mutation]
 71701 | Zot:5    | Lost mutation: Your pliable body absorbs attacks. (AC +2,
                  | EV +2) [potion of mutation]
 71701 | Zot:5    | Lost mutation: Your magical capacity is low. (-10% MP)
                  | [potion of mutation]
 71701 | Zot:5    | Lost mutation: Your flesh is heat resistant. (rF+) [potion
                  | of mutation]
 71701 | Zot:5    | Gained mutation: Your spells are a little harder to cast,
                  | but a little more powerful. [potion of mutation]
 71704 | Zot:5    | Lost mutation: You are strong-willed. (Will+) [potion of
                  | mutation]
 71704 | Zot:5    | Lost mutation: Your body has grown many eyes which may
                  | confuse attackers. (Acc +5) [potion of mutation]
 71705 | Zot:5    | Lost mutation: You are partially covered in iridescent
                  | scales. (AC +2) [potion of mutation]
 71705 | Zot:5    | Lost mutation: Your body has grown eyes which may confuse
                  | attackers. (Acc +3) [potion of mutation]
 71705 | Zot:5    | Lost mutation: You have great hidden genetic potential.
                  | [potion of mutation]
 71705 | Zot:5    | Gained mutation: You are partially covered in iridescent
                  | scales. (AC +2) [potion of mutation]
 71706 | Zot:5    | Lost mutation: Your rubbery body absorbs attacks. (AC +1,
                  | EV +1) [potion of mutation]
 71706 | Zot:5    | Lost mutation: You are partially covered in iridescent
                  | scales. (AC +2) [potion of mutation]
 71706 | Zot:5    | Lost mutation: Armour fits poorly on your strangely shaped
                  | body. [potion of mutation]
 71708 | Zot:5    | Got the Orb of Zot
 71819 | Zot:1    | Gained mutation: You sometimes lose your temper in combat.
                  | [a neqoxec]
 71821 | Zot:1    | Noticed Myugimn the pandemonium lord
 71834 | Zot:1    | Noticed Laulir the pandemonium lord
 71853 | Zot:1    | Noticed Vucux the pandemonium lord
 71863 | Zot:1    | Killed Myugimn the pandemonium lord
 71864 | Zot:1    | Killed Laulir the pandemonium lord
 71894 | Zot:1    | Noticed Zealab Memmo the pandemonium lord
 71897 | Zot:1    | Killed Vucux the pandemonium lord
 71945 | Zot:1    | Killed Zealab Memmo the pandemonium lord
 72049 | Depths:3 | Noticed Ehiqacw the pandemonium lord
 72070 | Depths:3 | Killed Ehiqacw the pandemonium lord
 72200 | D:15     | Noticed Qocu the pandemonium lord
 72251 | D:15     | Gained mutation: You passively map a small area around you.
                  | [hidden potential]
 72251 | D:15     | Lost mutation: You have hidden genetic potential. [hidden
                  | potential expressed]
 72258 | D:15     | Killed Qocu the pandemonium lord
 72596 | D:$      | Escaped with the Orb!

Illustrated notes

Levels and vault maps discovered:
D:1:      dpeg_arrival_pits, layout_loops_cross,
          chequers_ecumenical_altar_island
D:2:      layout_loops_corners, basic_altar, serial_shops,
          nicolae_shop_real_fake_doors, uniq_terence, uniq_jessica, uniq_sigmund
D:3:      layout_rooms, nzn_wu_jian_contemplation, hex_intersection
D:4:      layout_layer_cave, nicolae_gozag_seed_capital,
          mainiacjoe_overflow_tiny_flanked, uniq_pikel
D:5:      minmay_opposing_rooms, layout_rooms, mainiacjoe_overflow_boulevard,
          serial_shops, nicolae_shop_competitors_out_of_business, shop,
          nicolae_shop_trees, nicolae_shop_peninsula, nicolae_stop_n_shop_1,
          gammafunk_ghost_gnarly_gnolls
D:6:      layout_basic, lemuel_tele_altar, amcnicky_altar_gilded
D:7:      nzn_winding_woodlands_medium [nzn_winding_woodlands_5x5_default,
          nzn_winding_woodlands_5x15_eye,
          nzn_winding_woodlands_5x5_checkerboard,
          nzn_winding_woodlands_5x5_perimeter,
          nzn_winding_woodlands_center_triple_pond,
          nzn_winding_woodlands_5x5_open_star, nzn_winding_woodlands_5x5_cross,
          nzn_winding_woodlands_5x15_sawtooth, nzn_winding_woodlands_5x5_three],
          layout_loops_ring, kennysheep_decorative_pillar, lightli_orcish_oven,
          uniq_prince_ribbit1
D:8:      layout_loops_ring, elyvilon_altar_1, uniq_joseph
D:9:      layout_basic, mainiacjoe_overflow_small_starburst,
          mainiacjoe_overflow_catwalk, special_room [special_room_bee]
D:10:     layout_cave_pools, lemuel_round_altar, marbit_many_paths,
          lemuel_coloured_pillars_altar, minmay_lair_entry_grove, serial_shops,
          nicolae_take_the_stairs, shop, kennysheep_little_box, shop,
          chequers_serial_rivers_small_3, nicolae_shop_i_like_small_books_too,
          chequers_serial_rivers_micro_a, nicolae_where_there's_smoke
D:11:     hangedman_cross_cluster, layout_cave_pools, uniq_erolcha, uniq_harold,
          uniq_snorg
D:12:     layout_roguey, orc_0_dummy, cheibriados_altar_1, uniq_nessos
D:13:     layout_cross, david_vaults_2, portal_ice_cave_entry_imps, uniq_kirke
D:14:     layout_roguey, hangedman_abyss_or_decor_passed
D:15:     hellmonk_depths_entry_around_the_bend, layout_stronghold,
          gauntlet_entry_generic, xom_redecorated
Temple:   hellmonk_temple_rainy
Lair:1:   layout_layer_cave, serial_bayou_pond_b
Lair:2:   layout_loops_ring, spider_nest_entry_funnel_web
Lair:3:   layout_regular_city, elwin_shoals_entry_stream, serial_bayou,
          serial_bayou_crossing, serial_bayou_pond_c, serial_bayou_lagoon_b,
          serial_bayou_lagoon_a, serial_bayou_shore_b, serial_bayou_ford_a
Lair:4:   layout_loops_ring, guppyfry_lair_drakes, grunt_megastairs_5,
          lemuel_fruit_tree, uniq_urug
Lair:5:   evil_forest, layout_gridlike, nicolae_slime_entry_field_trip
Shoals:1: layout_shoals, nicolae_shoals_secluded_bog
Shoals:2: layout_shoals, ebering_ghost_reflecting_pool, lemuel_centaur_altar
Shoals:3: layout_shoals, nicolae_shop_gadgets, uniq_mlioglotl, uniq_mara
Shoals:4: shoals_end_grunt_ice, layout_shoals, serial_shops, statue_bzr
Spider:1: layout_spider_delve, uniq_azrael, uniq_louise
Spider:2: layout_spider_delve, einodemon_crawler_minivault, uniq_agnes
Spider:3: layout_spider_delve, nicolae_spider_solar_radiation
Spider:4: spider_rune_water
Slime:1:  layout_caves
Slime:2:  layout_caves
Slime:3:  layout_caves, nicolae_slime_barrier, nicolae_slime_phagocytosis
Slime:4:  layout_caves
Slime:5:  slime_pit_nicolae_jellycorners
Orc:1:    layout_diamond_mine
Orc:2:    grunt_orc_tribal_feast, layout_caves, nicolae_orc_bridge_out,
          nicolae_shop_firing_range
Elf:1:    eino_elf_arrival_customs, layout_geoelf_octagon,
          minmay_elf_crystal_hexagon
Elf:2:    nicolae_elf_blades_crystal_corner, layout_gridlike, serial_shops,
          nicolae_shop_rolling_square
Elf:3:    minmay_elf_hall_curves, layout_geoelf_castle
Vaults:1: nicolae_vaults_surprise_closet, vaults_room_hallway,
          nicolae_vaults_octothorpe, hangedman_vaults_restitches, v_misc_14,
          nicolae_vaults_circle_grid_a, nicolae_vaults_storage_closets_2,
          nicolae_vaults_tetromino_Z_2, nicolae_vaults_network_star,
          vaults_dpeg_hooks, nicolae_vaults_closet_pinwheel_2,
          nicolae_vaults_diamond_1, nicolae_vaults_weapon_check,
          layout_vaults_omnicross, uniq_norris
Vaults:2: vaults_dpeg_encased_lava, vaults_room_pool, grunt_vaults_hallway_long,
          nicolae_vaults_back_hallway, nicolae_vaults_enemy_cabinets,
          hangedman_vaults_stretched_pinwheel, nicolae_vaults_specimen_jars,
          nicolae_vaults_wine_cellar, nicolae_vaults_cochlea,
          nicolae_vaults_surprise_closet, layout_vaults_big_room, serial_shops,
          nicolae_diamond_shop
Vaults:3: ontoclasm_vaults_gallery, v_pattern_2, nicolae_vaults_asterisk,
          nicolae_vaults_mitosis, minmay_crypt_entry_necro_gods,
          grunt_vaults_diagonal, hangedman_vaults_stretched_pinwheel,
          nicolae_vaults_sightless_eye, nicolae_vaults_six-pack,
          nicolae_vaults_gold_heap, layout_vaults_omnigrid,
          nicolae_trove_entry_isolated
Vaults:4: vaults_mumra_minichess_inversion, nicolae_vaults_little_squares_6,
          vaults_standard_mumra_enter_the_diamond, v_misc_29,
          nicolae_vaults_variable_pillar_hall, v_misc_33,
          nicolae_vaults_little_squares_3, nicolae_vaults_door_testing_chamber,
          ontoclasm_vaults_ligature, v_pattern_5, vaults_room_fancy_cross,
          nicolae_vaults_diamond_1, vaults_room_fancy_cross,
          ontoclasm_vaults_fault, nicolae_vaults_lightning_bolt,
          layout_vaults_maze, serial_shops, shop
Vaults:5: serial_shops
Crypt:1:  layout_misc_corridors, hellmonk_scarab_ruin
Crypt:2:  layout_basic, serial_co_window_serial, co_window_of_opportunity_a,
          co_window_paths_a, co_window_paths_a, co_window_of_opportunity_a,
          co_window_of_opportunity_a, co_window_corner_ca, co_window_corner_b,
          co_window_broadway_b, glass_columns_a, glass_columns_a,
          serial_library_regret_index_headful, uniq_josephina, uniq_grunn
Crypt:3:  grunt_crypt_end_deaths_head
Depths:1: layout_gridlike, hell_entry, minmay_misc_feat_four_crosses,
          minivault_14, nicolae_twisting_strands, grunt_ministairs_4,
          grunt_tough_drop
Depths:2: lemuel_traditional_vault, layout_basic, enter_ziggurat_e, hell_entry,
          pan_entry, hangedman_aerie_drop, uniq_asterion
Depths:3: minmay_connected_boxes_in_corner, layout_gridville, abyss_entry,
          lightli_too_deep, nicolae_two_hexagons
Depths:4: grunt_zot_entry_tricorne, layout_gridlike, hell_entry,
          chequers_serial_rivers_large_b, chequers_serial_rivers_marsh,
          hangedman_glass_teeth
Zot:1:    layout_misc_corridors, regret_index_zotdec_ex,
          st_single_dragon_hoard_3, st_stairs_9
Zot:2:    layout_gridlike, grunt_megastairs_1
Zot:3:    layout_gridlike, nicolae_zot_crop_circle, grunt_megastairs_4
Zot:4:    layout_basic
Zot:5:    layout_misc_corridors, nicolae_transmutations_shop, skrybe_zot_glass_3

Skill      XL: |  1  2  3  4  5  6  7  8  9 10 11 12 13 14 15 16 17 18 19 20 21 22 23 24 25 26 27 |
---------------+----------------------------------------------------------------------------------+-----
Armour         | 1 2 3 4 5 6 7 9 11 12 14 15 17 19 21 22 24 25 26 27 | 27.0
Fighting       | 4 5 6 7 8 10 11 12 15 17 19 20 22 23 24 25 27 | 27.0
Maces & Flails | 4 5 6 7 9 10 12 13 14 | 14.0
Dodging        | 3 4 5 6 7 9 11 13 14 16 18 | 18.2
Evocations     | 2 5 7 9 10 | 10.0
Shields        | 3 8 12 13 16 19 21 | 21.7
Polearms       | 2 7 10 12 | 12.0

Action                     |  1- 3 |  4- 6 |  7- 9 | 10-12 | 13-15 | 16-18 | 19-21 | 22-24 | 25-27 || total
---------------------------+-------+-------+-------+-------+-------+-------+-------+-------+-------++-------
  Melee: Mace              |    74 |    42 |       |   111 |       |       |       |       |       ||   227
         Morningstar       |       |    79 |    35 |       |       |       |       |       |       ||   114
         Whip              |       |       |   273 |   924 |       |       |       |       |       ||  1197
         Punch             |       |       |     4 |    17 |     2 |       |       |       |       ||    23
         Flail             |       |       |       |   251 |  2054 |       |       |       |       ||  2305
         War axe           |       |       |       |    70 |    47 |    14 |       |       |       ||   131
         Bite              |       |       |       |       |   131 |    41 |       |   447 |   121 ||   740
         Executioner's axe |       |       |       |       |   174 |  1095 |   823 |       |       ||  2092
         Dire flail        |       |       |       |       |     9 |     8 |       |       |       ||    17
         Unarmed           |       |       |       |       |     2 |     1 |       |       |       ||     3
         Kick              |       |       |       |       |       |   196 |   333 |       |       ||   529
         Pseudopods        |       |       |       |       |       |    51 |    11 |       |       ||    62
         Headbutt          |       |       |       |       |       |       |   334 |   298 |       ||   632
         Lance             |       |       |       |       |       |       |   323 |  2909 |  2254 ||  5486
  Throw: Javelin           |       |       |       |     6 |       |       |       |       |       ||     6
         Dart              |       |       |       |     2 |       |       |     1 |     1 |       ||     4
         Throwing net      |       |       |       |       |       |     2 |       |       |       ||     2
 Invoke: Oozemancy         |       |       |       |       |     2 |       |     2 |     1 |     1 ||     6
         Slimify           |       |       |       |       |       |     1 |       |     1 |       ||     2
  Evoke: Wand              |       |       |       |    16 |    23 |    14 |     1 |    11 |     3 ||    68
         Box of beasts     |       |       |       |       |     1 |       |       |       |       ||     1
         Lightning rod     |       |       |       |       |       |     3 |       |       |     4 ||     7
         Condenser vane    |       |       |       |       |       |       |     1 |     2 |     1 ||     4
         Phial of floods   |       |       |       |       |       |       |       |     1 |       ||     1
    Use: Scroll            |       |       |    11 |     3 |    10 |     6 |     2 |     5 |    23 ||    60
         Potion            |       |       |       |     6 |    14 |     4 |     3 |    10 |    13 ||    50
   Stab: Invisible         |       |       |       |    14 |     2 |       |       |       |       ||    16
         Petrified         |       |       |       |       |     8 |       |       |       |       ||     8
         Distracted        |       |       |       |       |       |     1 |       |       |       ||     1
         Confused          |       |       |       |       |       |       |    21 |    30 |    22 ||    73
 Armour: Robe              |    42 |       |       |       |       |       |       |       |       ||    42
         Leather armour    |       |    63 |   159 |   119 |       |       |       |       |       ||   341
         Ring mail         |       |       |       |   548 |  1042 |       |       |       |       ||  1590
         Plate armour      |       |       |       |       |   311 |  2160 |  1793 |  1993 |   361 ||  6618
         Skin              |       |       |       |       |     3 |       |       |       |       ||     3
         Storm dragon scal |       |       |       |       |       |       |     9 |       |       ||     9
         Gold dragon scale |       |       |       |       |       |       |       |       |  1233 ||  1233
  Dodge: Dodged            |    48 |    79 |   157 |   730 |  2231 |  1921 |  1700 |  1708 |  1357 ||  9931
  Block: Buckler           |       |       |       |    20 |   355 |       |       |       |       ||   375
         Kite shield       |       |       |       |       |       |       |   131 |  1613 |  1722 ||  3466
